 Dungeon Crawl Stone Soup version 0.25.0-3-gd7cc5688da (webtiles) character file.

Game seed: 14550893200498463616

11233 grindst0ne the Grappler (level 11, 0/102 HPs)
             Began as a Ghoul Monk on June 15, 2020.
             Was a High Priest of Trog.
             Shot with an arrow by Nessos (3 damage)
             ... on level 12 of the Dungeon.
             The game lasted 00:24:09 (13992 turns).

grindst0ne the Grappler (Ghoul Monk)               Turns: 13992, Time: 00:24:09

Health: 0/102      AC: 17    Str: 19    XL:     11   Next: 74%
Magic:  13/13      EV:  9    Int:  5    God:    Trog [*****.]
Gold:   757        SH:  4    Dex: 11    Spells: 10/10 levels left

rFire    . . .     SeeInvis .     - Unarmed
rCold    + . .     Gourm    .   x - +0 buckler
rNeg     + + +     Faith    +   e - +0 chain mail
rPois    ∞         Spirit   .   o - +0 helmet
rElec    .         Reflect  .   A - +2 cloak
rCorr    .         Harm     .   (no gloves)
MR       +++..                  M - +0 pair of boots (curse)
Stlth    ..........             j - amulet of faith
HPRegen  1.00/turn              z - ring of stealth
MPRegen  0.13/turn              O - ring of protection from magic

@: regenerating, rotting
A: rotting body, claws 1, carnivore, cold resistance 1, negative energy
resistance 3, inhibited regeneration, torment resistance, unbreathing
a: Trog's Hand, Brothers in Arms, Renounce Religion


You were on level 12 of the Dungeon.
You worshipped Trog.
Trog was extremely pleased with you.
You were not hungry.

You visited 2 branches of the dungeon, and saw 13 of its levels.

You collected 757 gold pieces.

Inventory:

Missiles
 m - 6 curare-tipped darts (quivered)
 D - 2 throwing nets
Armour
 a - a scarf of resistance
 e - a +0 chain mail (worn)
 o - a +0 helmet (worn)
 x - a +0 buckler (worn)
 A - a +2 cloak (worn)
 G - a +0 plate armour
 M - a cursed +0 pair of boots (worn)
 R - a +0 kite shield
Jewellery
 j - an amulet of faith (around neck)
 z - a ring of stealth (left claw)
 E - an uncursed ring of ice
 O - a ring of protection from magic (right claw)
Wands
 t - a wand of acid (7)
 u - a wand of flame (38)
 H - a wand of polymorph (20)
 K - a wand of paralysis (12)
Scrolls
 d - 3 scrolls of enchant armour
 f - 6 scrolls of teleportation
 i - 2 scrolls of immolation {unknown}
 l - 3 scrolls of remove curse {unknown}
 q - 5 scrolls of magic mapping
 s - a scroll of fear
 w - 4 scrolls of fog
 y - 2 scrolls of random uselessness {unknown}
 C - 2 scrolls of blinking
 I - a scroll of silence {unknown}
Potions
 g - 4 potions of curing
 h - 2 potions of berserk rage {unknown}
 k - 4 potions of resistance
 n - a potion of stabbing
 p - 4 potions of heal wounds {unknown}
 r - 3 potions of flight
 v - 2 potions of haste
 B - a potion of invisibility
 F - 2 potions of brilliance {unknown}
 J - a potion of magic {unknown}
 L - a potion of ambrosia {unknown}
 N - 2 potions of might
 Q - 2 potions of lignification {unknown}
Comestibles
 b - 18 rations
 P - 6 chunks of flesh


   Skills:
 + Level 11.0 Fighting
 + Level 8.9 Armour
 - Level 2.6 Dodging
 - Level 2.1 Stealth
 + Level 4.0 Shields
 + Level 11.1 Unarmed Combat
 + Level 4.9 Evocations


You had 10 spell levels left.
You didn't know any spells.
Your spell library contained the following spells:

 Spells                   Type           Power        Failure   Level  Hunger
 Magic Dart               Conj           #...         99%         1    ##.....
 Searing Ray              Conj           #.....       100%        2    ###....
 Dazzling Flash           Conj/Hex       #.....       100%        3    ####...
 Fulminant Prism          Conj/Hex       #.........   100%        4    #####..
 Iskenderun's Mystic Bla  Conj/Tloc      #.......     100%        4    #####..


Dungeon Overview and Level Annotations

Branches:
Dungeon (12/15)            Temple (1/1) D:4            Lair (0/6) D:8
    Orc: D:9-12

Altars:
Ashenzari
Cheibriados
Dithmenos
Elyvilon
Fedhas
Gozag
Hepliaklqana
Kikubaaqudgha
Makhleb
Nemelex Xobeh
Okawaru
Qazlal
Ru
Sif Muna
Trog
Uskayaw
Vehumet
Wu Jian
Xom
Yredelemnul
Zin
The Shining One

Shops:
D:8 [

Annotations:
D:5 exclusion: downstairs
D:12 Nessos


Innate Abilities, Weirdness & Mutations

Your body is rotting away.
You thrive on raw meat.
You are immune to poison.
You have sharp fingernails.
You are carnivorous and can eat meat at any time.
Your flesh is cold resistant. (rC+)
You are immune to negative energy. (rN+++)
You do not regenerate when monsters are visible.
You are immune to unholy pain and torment.
You can survive without breathing.


Message History

The arrow burns you.
* * * LOW HITPOINT WARNING * * *
Your skin crawls.
You feel resistant to hostile enchantments.
You feel quite a bit more hungry.
Nessos shoots an arrow.
The arrow barely misses you.
Nessos shoots an arrow.
The arrow hits you!
* * * LOW HITPOINT WARNING * * *
The arrow burns you.
* * * LOW HITPOINT WARNING * * *
Okay, then.
Blink to where?
Press: ? - help, Dir - move target cursor, p - Nessos You can't see that place. [the floor.]
Okay, then.
As you read the scroll of fog, it crumbles to dust.
The scroll dissolves into smoke.
Nessos shoots an arrow.
The arrow hits you.
* * * LOW HITPOINT WARNING * * *
The arrow burns you.
You die...

........(...(......#
.........)..#.###..#
............##(##>.#
............#.#.#..#
.............###...#
...........(#####..#
.........§§........#
..#######§c.........#
.. ##@#.........##
#§##..c......#
####.........#
#.........#
#.........#
#.........#
#.........# .....
...### #.........#
.... .....
..........#


You could see Nessos (fast).

Vanquished Creatures
  A two-headed ogre (D:12)
  An ugly thing (D:11)
  An orc knight (D:11)
  A cyclops (D:11)
  2 gargoyles
  A kobold demonologist (D:12)
  2 trolls
  A hornet (D:10)
  4 yaks
  A vampire (D:10)
  3 vampire mosquitoes (D:10)
  An acid dragon (D:12)
  A water moccasin (D:8)
  3 ice beasts
  3 phantoms
  4 sky beasts
  9 orc warriors
  2 black bears
  A necrophage (D:7)
  6 ogres
  2 centaurs
  Blork the orc (D:5)
  A big kobold (D:11)
  4 bullfrogs
  2 gnoll sergeants (D:8)
  A wyvern zombie (D:7)
  3 scorpions
  A water moccasin skeleton (D:5)
  9 killer bees
  17 wights
  9 howler monkeys
  4 crimson imps
  2 bullfrog zombies
  A quasit (D:12)
  A gnoll shaman (D:7)
  8 hounds
  4 jellies
  2 centaur skeletons
  7 orc priests
  A bullfrog skeleton (D:7)
  5 iguanas
  6 orc wizards
  8 worker ants
  A hound zombie (D:10)
  A hound skeleton (D:8)
  Robin (D:3)
  A worker ant zombie (D:10)
  11 adders
  11 gnolls
  A howler monkey skeleton (D:4)
  3 shadow imps (D:8)
  An adder zombie (D:5)
  3 worms
  2 adder skeletons
  4 dart slugs
  7 leopard geckos
  69 orcs
  2 ball pythons
  4 bats
  6 giant cockroaches
  17 goblins
  8 hobgoblins
  6 jackals
  8 kobolds
  4 quokkas
  5 frilled lizards
  A leopard gecko skeleton (D:5)
  7 rats
331 creatures vanquished.

Vanquished Creatures (collateral kills)
  A yak (D:10)
1 creature vanquished.

Vanquished Creatures (others)
  A plant (D:8)
1 creature vanquished.

Grand Total: 333 creatures vanquished

Notes
Turn   | Place    | Note
-------+----------+-------------------------------------------
     0 | D:1      | grindst0ne the Ghoul Monk began the quest for the Orb.
     0 | D:1      | Reached XP level 1. HP: 19/19 MP: 0/0
   380 | D:1      | Reached XP level 2. HP: 26/26 MP: 1/1
  1037 | D:2      | Reached skill level 1 in Armour
  1116 | D:2      | Reached XP level 3. HP: 28/33 MP: 2/2
  1434 | D:2      | Found a faded altar of an unknown god.
  1688 | D:3      | Reached XP level 4. HP: 40/40 MP: 3/3
  1855 | D:3      | Noticed Robin
  1890 | D:3      | Killed Robin
  1890 | D:3      | Reached XP level 5. HP: 15/46 MP: 4/4
  3049 | D:4      | Noticed a phantom
  3094 | D:4      | Found a staircase to the Ecumenical Temple.
  3098 | D:4      | Killed a phantom
  3098 | D:4      | Reached skill level 5 in Fighting
  3098 | D:4      | Reached skill level 5 in Unarmed Combat
  3098 | D:4      | Reached XP level 6. HP: 26/56 MP: 5/5
  3107 | Temple   | Entered the Ecumenical Temple
  3511 | D:4      | Noticed a phantom
  3541 | D:4      | Killed a phantom
  3691 | D:4      | Reached XP level 7. HP: 46/61 MP: 6/6
  4460 | D:5      | Entered Level 5 of the Dungeon
  4539 | D:5      | Reached skill level 1 in Shields
  4872 | D:5      | Reached XP level 8. HP: 57/71 MP: 7/7
  5373 | D:5      | Noticed Blork the orc
  5392 | D:5      | Killed Blork the orc
  5884 | D:6      | Found a shimmering blue altar of Sif Muna.
  5884 | D:6      | Found a radiant altar of Vehumet.
  5889 | D:6      | Found a bloodstained altar of Trog.
  5891 | D:6      | Found a faded altar of an unknown god.
  5893 | D:6      | Found a basalt altar of Yredelemnul.
  5896 | D:6      | Became a worshipper of Trog the Wrathful
  5896 | D:6      | Reached * piety under Trog
  5896 | D:6      | Reached ** piety under Trog
  6289 | D:6      | Reached skill level 5 in Armour
  6800 | D:7      | Reached XP level 9. HP: 63/79 MP: 8/8
  7559 | D:7      | Reached *** piety under Trog
  8473 | D:8      | Found Xaofuaz's Armour Shoppe.
  8684 | D:8      | Found a staircase to the Lair.
  8691 | D:8      | Reached XP level 10. HP: 63/90 MP: 9/9
  8863 | D:8      | Reached **** piety under Trog
  9180 | D:8      | Found a shattered altar of Ashenzari.
  9592 | D:9      | Found a shimmering altar of Xom.
  9594 | D:9      | Found a sacrificial altar of Ru.
  9798 | D:9      | Found a glowing silver altar of Zin.
  9798 | D:9      | Found a shadowy altar of Dithmenos.
  9799 | D:9      | Found a stormy altar of Qazlal.
 10097 | D:10     | Entered Level 10 of the Dungeon
 10111 | D:9      | Reached skill level 1 in Evocations
 10381 | D:10     | Found a burning altar of Makhleb.
 10608 | D:10     | Noticed a gargoyle
 10617 | D:10     | Killed a gargoyle
 10617 | D:10     | Reached skill level 10 in Fighting
 10617 | D:10     | Reached skill level 10 in Unarmed Combat
 11172 | D:10     | Reached XP level 11. HP: 64/100 MP: 12/12
 11857 | D:11     | Noticed a green ugly thing
 11870 | D:11     | Killed a green ugly thing
 12012 | D:11     | Noticed a cyclops
 12022 | D:11     | Killed a cyclops
 12097 | D:11     | Reached ***** piety under Trog
 13294 | D:12     | Noticed an orc knight
 13396 | D:11     | Killed an orc knight
 13445 | D:12     | Noticed a two-headed ogre
 13455 | D:12     | Killed a two-headed ogre
 13455 | D:12     | Received a gift from Trog
 13951 | D:12     | Noticed Nessos
 13992 | D:12     | HP: 3/102 [Nessos/arrow (5)]
 13992 | D:12     | Shot with an arrow by Nessos

Illustrated notes

Levels and vault maps discovered:
D:1:      dpeg_arrival_houses_and_road, layout_loops_ring
D:2:      layout_loops_ring, chequers_ecumenical_altar_island,
          minmay_misc_feat_four_crosses
D:3:      minmay_wonky_spiral, layout_loops_cross, uniq_robin
D:4:      layout_cave_pods, temple_hall, first_ration
D:5:      layout_gridville, minmay_circle_x, uniq_blork_the_orc
D:6:      layout_basic, chequers_temple_overflow_minitemple
D:7:      layout_gridville, grunt_ogre_cave
D:8:      layout_basic, dpeg_oklobed_lair, serial_shops, shop,
          chequers_arboretum, lemuel_tele_altar
D:9:      layout_rooms, grunt_temple_overflow_open
D:10:     layout_irregular_city, basic_altar
D:11:     layout_roguey
D:12:     layout_small_grid, david_orc_5, special_room [special_room_orc],
          uniq_nessos
Temple:   dshaligram_water_room_temple

Skill      XL: |  1  2  3  4  5  6  7  8  9 10 11 |
---------------+----------------------------------+-----
Armour         | 1 2 3 4 5 6 8 |  8.9
Fighting       | 4 5 6 7 8 10 11 | 11.0
Unarmed Combat | 4 5 6 7 8 10 11 | 11.1
Shields        | 2 3 4 |  4.0
Evocations     | 3 4 |  4.9
Dodging        | |  2.6
Stealth        | |  2.1

Action                   |  1- 3 |  4- 6 |  7- 9 | 10-12 || total
-------------------------+-------+-------+-------+-------++-------
Melee: Unarmed           |   111 |   227 |   458 |   579 ||  1375
       Punch             |     2 |     1 |     5 |       ||     8
Throw: Dart              |       |     3 |    25 |    24 ||    52
       Throwing net      |       |       |       |     1 ||     1
Invok: Trog's Hand       |       |       |       |     5 ||     5
       Brothers in Arms  |       |       |       |     2 ||     2
Evoke: Wand              |       |       |       |     8 ||     8
  Use: Scroll            |       |       |     9 |     8 ||    17
 Stab: Sleeping          |     6 |       |       |       ||     6
       Paralysed         |       |       |       |    16 ||    16
  Eat: Chunk             |    10 |     4 |    15 |    21 ||    50
Armor: Robe              |    10 |       |       |       ||    10
       Chain mail        |    28 |   103 |   189 |   280 ||   600
Dodge: Dodged            |    55 |    71 |   151 |   217 ||   494
Block: Buckler           |       |       |    45 |   114 ||   159
